 Dungeon Crawl Stone Soup version 0.29-a0-82-g837932c90e (webtiles) character file.

Game seed: 16517810994382477636

5294 Spectrina the Demolition Merfolk (level 10, -4/70 HPs)
             Began as a Merfolk Monk on Feb 4, 2022.
             Was an Elder of Makhleb.
             Killed from afar by a rime drake (28 damage)
             ... with a flash freeze
             ... in a Gauntlet.
             The game lasted 00:31:13 (2894 turns).

Spectrina the Demolition Merfolk (Merfolk Monk)     Turns: 2894, Time: 00:31:14

Health: -4/70      AC: 11    Str: 18    XL:     10   Next: 63%
Magic:  20/20      EV: 15    Int: 12    God:    Makhleb [****..]
Gold:   34         SH:  0    Dex: 28    Spells: 6/9 levels left

rFire   + . .      SeeInvis .   f - +8 short sword of Lamn {spect, rF+ Str+7}
rCold   . . .      Faith    .   (no shield)
rNeg    . . .      Spirit   .   w - +3 leather armour
rPois   .          Reflect  .   j - +2 helmet {Int+3}
rElec   .          Harm     .   (no cloak)
rCorr   .          Rampage  .   (no gloves)
Will    .....      NoTele   +   M - +1 pair of boots
Stlth   ++++......              H - amulet of regeneration
HPRegen 1.01/turn               p - +6 ring of dexterity
MPRegen 0.17/turn               (no ring)

@: no status effects
A: (nimble swimmer 2), mertail
a: Renounce Religion, Minor Destruction, Lesser Servant of Makhleb, Major
Destruction


You were in a Gauntlet.
You worshipped Makhleb.
Makhleb was greatly pleased with you.
You visited 1 branch of the dungeon, and saw 11 of its levels.
You also visited: Gauntlet.

You collected 384 gold pieces.
You spent 350 gold pieces at shops.

Inventory:

Hand Weapons
 a - a +0 spear
 c - a +0 dagger
 f - the +8 short sword of Lamn (weapon) {spect, rF+ Str+7}
   (You found it on level 2 of the Dungeon)

   When its wielder attacks, the weapon's spirit leaps out and strikes again.
   The spirit shares a part of any damage it takes with its wielder.
   Str:       It affects your strength (+7).
   rF:        It protects you from fire.
 r - a +0 dagger of venom
 x - a +2 hand axe of electrocution
 I - a +1 dagger of chaos
 J - a +2 shortbow of freezing
Missiles
 h - 127 stones
 k - 9 poisoned darts (quivered)
 m - 22 bolts
 y - 2 throwing nets
 K - 21 arrows
 L - a curare-tipped dart
Armour
 b - a +0 robe
 i - a +0 scale mail
 j - a +2 helmet of intelligence (worn)
 o - an orb of wrath
 t - a +0 pair of boots
 w - a +3 leather armour (worn)
 G - an orb of light
 M - a +1 pair of boots (worn)
Magical Staves
 n - a staff of death
 s - a staff of poison
Jewellery
 p - a +6 ring of dexterity (left hand)
 H - an amulet of regeneration (around neck)
Wands
 d - a wand of charming (2)
 v - a wand of digging (4)
 z - a wand of iceblast (14)
Scrolls
 e - 3 scrolls of teleportation
 q - 2 scrolls of immolation
 A - a scroll of enchant weapon
 F - a scroll of amnesia {unknown}
 N - a scroll of acquirement {unknown}
 P - a scroll of fear
Potions
 g - 2 potions of curing
 l - 4 potions of haste
 u - a potion of mutation
 B - a potion of brilliance
 C - a potion of degeneration {unknown}
 D - a potion of heal wounds {unknown}
 E - a potion of cancellation


   Skills:
 - Level 3.2 Fighting
 + Level 9.3 Short Blades
 - Level 5.3 Polearms
 - Level 4.0 Dodging
 + Level 5.7 Stealth
 * Level 13.3 Invocations


You had 6 spell levels left.
You knew the following spells:

 Your Spells              Type           Power      Damage    Failure   Level
m - Animate Skeleton      Necr           0%         N/A       36%         1
q - Summon Small Mammal   Summ           0%         N/A       36%         1
x - Apportation           Tloc           0%         N/A       36%         1

Your spell library contained the following spells:

 Spells                   Type           Power      Damage    Failure   Level


Dungeon Overview and Level Annotations

Branches:
Dungeon (11/15)            Temple (0/1) D:5         Gauntlet (1/1)
   Lair: D:8-11         Orc: D:9-12

Altars:
Elyvilon
Fedhas
Kikubaaqudgha
Makhleb
Okawaru
Trog
Uskayaw

Shops:
D:7 [   D:11 ?

Annotations:
D:9 Erica Gauntlet 9 transporters, 1 runed translucent door, exclusion: ice statue


Innate Abilities, Weirdness & Mutations

((You are very nimble when in or above water. (Stealth+, EV+, Speed+++)))
Your lower body shifts to a powerful aquatic tail in water.


Message History

Press: ? - help, Shift-Dir - straight line, f/p - centaur warrior simulacrum
Aim: a centaur warrior simulacrum (chance to affect: 54%)
The centaur warrior simulacrum resists with significant effort.
The centaur warrior simulacrum misses you.
The centaur warrior simulacrum kicks you but does no damage.
The centaur warrior simulacrum barely misses you. x2
Aiming: Charm
Press: ? - help, Shift-Dir - straight line, f/p - centaur warrior simulacrum
Aim: a centaur warrior simulacrum (chance to affect: 54%)
The centaur warrior simulacrum is charmed.
There is a transporter here.
You enter the transporter and appear at another place.
You swap places.
You open the gate.
Unknown command.
The ice statue gestures at you. The freezing blast misses you.
There is an open translucent gate here.
Okay, then.
Unknown command.
You are engulfed in freezing vapours.
Unknown command.
You are engulfed in freezing vapours.
You see here a scroll labelled FEOPILUIMI.
N - a scroll labelled FEOPILUIMI Really walk into that cloud of freezing vapour?
You swap places.
You are engulfed in freezing vapours.
* * * LOW HITPOINT WARNING * * *
The rime drake hisses angrily.
The ice statue glitters chillingly in the dim dungeon light.
Unknown command.
You close the gate.
You open the gate.
The ice statue gestures.
There is an open translucent gate here.
Unknown command.
The rime drake closely misses you. The rime drake breathes ice at you.
The flash freeze hits you!!
You die...

### ### ################### ###
##≈###≈###.................###≈##
#≈≈≈#≈≈≈#...8⌠8..8∩8..8⌠8...#≈≈≈#
.................................
#################################
©8#.+...#©#8©8#..8....#8©8#......
..#z###.#.#...#.......#...#.####.
..#...#...#...###Y#####...#Z....#
.©###.#####©.©#©@k...©#©.©####©Z#
###©#..z.z#######Z.##.#####ZZ.#.#
..#.#####z#...#..#.##.#...##|.#.#
8.#)zzzz..#.8.#..#....#.8.#Z#.#..
..#########...#########...#######
.................................
#≈≈≈#≈≈≈#≈≈≈#≈≈≈#≈≈≈#≈≈≈#≈≈≈#≈≈≈#
##≈###≈###≈###≈###≈###≈###≈###≈##
### ### ### ### ### ### ### ###


You could see an ice statue, a rime drake (catching breath), an ice beast
(summoned), 2 flying skulls and a friendly centaur warrior simulacrum (charmed).

Vanquished Creatures
  A catoblepas (Gauntlet)
  A manticore (D:11)
  2 centaur zombies
  Psyche (D:8)
  11 yaks
  A steam dragon (D:9)
  A basilisk (D:11)
  An ice beast (D:5)
  An orc warrior (D:8)
  A sky beast (D:6)
  A centaur (D:9)
  2 kobold brigands
  3 bullfrogs
  5 killer bees (D:8)
  A water moccasin skeleton (D:5)
  2 howler monkeys (D:8)
  3 orc priests
  A centaur skeleton (D:7)
  A gnoll shaman (D:7)
  2 iguanas (D:7)
  Terence (D:2)
  4 orc wizards
  A howler monkey zombie (D:8)
  Robin (D:2)
  7 gnolls
  6 adders
  A shadow imp (D:7)
  A white imp (D:5)
  3 dart slugs
  24 orcs
  A ball python (D:1)
  6 bats
  3 endoplasms
  A giant cockroach (D:1)
  9 goblins (D:2)
  7 hobgoblins
  3 jackals (D:1)
  11 kobolds
  4 quokkas
  5 rats (D:1)
  A butterfly (D:5)
142 creatures vanquished.

Vanquished Creatures (others)
  2 plants (D:5)
2 creatures vanquished.

Grand Total: 144 creatures vanquished

Notes
Turn   | Place    | Note
-------+----------+-------------------------------------------
     0 | D:1      | Spectrina the Merfolk Monk began the quest for the Orb.
     0 | D:1      | Reached XP level 1. HP: 18/18 MP: 1/1
    72 | D:1      | Reached skill level 5 in Polearms
    80 | D:1      | Reached XP level 2. HP: 7/24 MP: 2/2
   215 | D:2      | Identified the +8 short sword of Lamn {spect, rF+ Str+7}
   290 | D:3      | Found a faded altar of an unknown god.
   293 | D:3      | Prayed at the altar of an unknown god.
   293 | D:3      | Became a worshipper of Makhleb the Destroyer
   293 | D:3      | Reached * piety under Makhleb
   293 | D:3      | Reached ** piety under Makhleb
   299 | D:2      | Noticed Terence
   386 | D:1      | Reached skill level 1 in Invocations
   401 | D:1      | Reached XP level 3. HP: 28/29 MP: 2/4
   404 | D:1      | Reached *** piety under Makhleb
   417 | D:1      | Reached skill level 2 in Invocations
   569 | D:2      | Noticed Robin
   583 | D:2      | Killed Robin
   584 | D:2      | Reached skill level 3 in Invocations
   584 | D:2      | Reached XP level 4. HP: 28/35 MP: 4/6
   739 | D:2      | Reached skill level 4 in Invocations
   793 | D:2      | Reached XP level 5. HP: 30/41 MP: 8/8
   845 | D:2      | Killed Terence
   963 | D:5      | Entered Level 5 of the Dungeon
   963 | D:5      | Found a staircase to the Ecumenical Temple.
   998 | D:5      | Found a white marble altar of Elyvilon.
  1002 | D:5      | Reached skill level 5 in Invocations
  1104 | D:5      | Noticed an ice beast
  1127 | D:5      | Killed an ice beast
  1128 | D:5      | Reached skill level 6 in Invocations
  1128 | D:5      | Reached XP level 6. HP: 28/47 MP: 10/10
  1257 | D:6      | Noticed a sky beast
  1261 | D:6      | Killed a sky beast
  1262 | D:6      | Reached skill level 7 in Invocations
  1262 | D:6      | Reached XP level 7. HP: 52/52 MP: 12/12
  1356 | D:7      | Found a hide-covered altar of Uskayaw.
  1365 | D:7      | Reached **** piety under Makhleb
  1376 | D:7      | Reached skill level 9 in Invocations
  1376 | D:7      | Reached XP level 8. HP: 58/58 MP: 12/15
  1485 | D:8      | Found a blossoming altar of Fedhas.
  1485 | D:8      | Found an ancient bone altar of Kikubaaqudgha.
  1531 | D:8      | Reached skill level 10 in Invocations
  1573 | D:7      | Found Fuwichuo's Antique Armour Emporium.
  1578 | D:7      | Found an iron altar of Okawaru.
  1826 | D:8      | Reached skill level 11 in Invocations
  1859 | D:9      | Noticed Erica
  2010 | D:8      | Upgraded the game from 0.29-a0-72-g1732ff48e7 to
                  | 0.29-a0-82-g837932c90e
  2010 | D:8      | Reached XP level 9. HP: 37/64 MP: 17/17
  2011 | D:8      | Reached skill level 1 in Short Blades
  2040 | D:8      | Learned a level 1 spell: Animate Skeleton
  2042 | D:8      | Learned a level 1 spell: Apportation
  2044 | D:8      | Learned a level 1 spell: Summon Small Mammal
  2216 | D:8      | Reached skill level 12 in Invocations
  2218 | D:8      | Noticed Psyche
  2260 | D:8      | Killed Psyche
  2327 | D:9      | Reached skill level 5 in Short Blades
  2405 | D:9      | Found a bloodstained altar of Trog.
  2444 | D:9      | Reached XP level 10. HP: 47/70 MP: 19/19
  2516 | D:10     | Entered Level 10 of the Dungeon
  2557 | D:10     | Reached skill level 13 in Invocations
  2615 | D:11     | Noticed a manticore
  2618 | D:11     | Killed a manticore
  2619 | D:11     | Reached skill level 5 in Stealth
  2662 | D:11     | Found Waotezy's Magic Scroll Shop.
  2670 | D:11     | Bought a scroll of identify for 28 gold pieces
  2670 | D:11     | Bought a scroll of identify for 28 gold pieces
  2670 | D:11     | Bought a scroll of enchant armour for 105 gold pieces
  2670 | D:11     | Bought a scroll of magic mapping for 49 gold pieces
  2670 | D:11     | Bought a scroll of teleportation for 42 gold pieces
  2670 | D:11     | Bought a scroll of fear for 49 gold pieces
  2670 | D:11     | Bought a scroll of immolation for 49 gold pieces
  2694 | D:11     | Found a gate leading to a gauntlet.
  2703 | Gauntlet | Entered a Gauntlet
  2703 | Gauntlet | Noticed a gargoyle
  2703 | Gauntlet | Noticed a gargoyle
  2703 | Gauntlet | Found a transporter.
  2716 | Gauntlet | Found a transporter.
  2716 | Gauntlet | Noticed a catoblepas
  2719 | Gauntlet | Found a transporter.
  2720 | Gauntlet | Found a transporter.
  2731 | Gauntlet | Found a transporter.
  2732 | Gauntlet | Found a transporter.
  2738 | Gauntlet | Found a runed translucent gate.
  2738 | Gauntlet | Found a runed translucent gate.
  2738 | Gauntlet | Found a runed translucent gate.
  2738 | Gauntlet | Noticed an ice statue
  2740 | Gauntlet | Found a transporter.
  2743 | Gauntlet | Found a transporter.
  2744 | Gauntlet | Found a transporter.
  2751 | Gauntlet | Found a runed translucent door.
  2754 | Gauntlet | Found a transporter.
  2755 | Gauntlet | Found a transporter.
  2756 | Gauntlet | Found a transporter.
  2765 | Gauntlet | Found a transporter.
  2765 | Gauntlet | Noticed a hell hog
  2812 | Gauntlet | Found a transporter.
  2867 | Gauntlet | Killed a catoblepas
  2894 | Gauntlet | Killed from afar by a rime drake

Illustrated notes

Levels and vault maps discovered:
D:1:      lordsloth_arrival_two_stooges, layout_rooms
D:2:      minmay_chambers_of_ones, layout_basic, uniq_terence, uniq_robin
D:3:      minmay_recursive_quarters, layout_basic, lemuel_crystal_altar,
          nicolae_ecumenical_pavilion, uniq_crazy_yiuf_cottage
D:4:      layout_loops_ring, marbit_many_paths, lemuel_coloured_pillars_altar,
          mainiacjoe_overflow_surrounded_room
D:5:      layout_basic, nicolae_elyvilon_temple_path,
          minmay_temple_entry_butterflies, gammafunk_ghost_smash,
          minmay_misc_feat_rugged, uniq_duvessa
D:6:      kennysheep_steamy, layout_loops_ring, corexii_item_surrounded_by_moat,
          nrook_loot_triangle
D:7:      layout_basic, mainiacjoe_overflow_cross_hatched,
          okawaru_ov_weapons_minmay, serial_shops, shop_coins,
          kennysheep_generic_room_4
D:8:      hellmonk_destroyed_diamonds, layout_basic,
          grunt_temple_overflow_growth_and_decay, serial_co_window_serial,
          co_window_paths_a, co_window_paths_a, co_window_paths_a,
          co_window_corner_a, co_window_paths_a, co_window_paths_b,
          co_window_of_opportunity_b, co_window_of_opportunity_b,
          co_window_corner_b, glass_columns_c, glass_columns_b, glass_columns_a,
          chequers_serial_rivers_small_a, dk_vineyard_1, uniq_psyche,
          uniq_maggie
D:9:      layout_loops_ring, mainiacjoe_overflow_24_doors, lair_entry_dummy,
          uniq_erica, uniq_harold
D:10:     layout_loops_corners, nicolae_ru_the_path_less_chosen,
          mainiacjoe_overflow_six_doors_small, tso_altar, st_stairs_14
D:11:     layout_basic, gauntlet_entry_generic, serial_shops,
          nicolae_square_shop
Gauntlet: gammafunk_gauntlet_77_escape_option
          [minmay_gauntlet_arena_77_block_sizes,
          minmay_gauntlet_arena_77_radiant_squares,
          minmay_gauntlet_arena_77_run_for_it, minmay_gauntlet_arena_77_path,
          minmay_gauntlet_arena_77_fan, dreamdust_gauntlet_exit_labyrinth]

Skill      XL: |  1  2  3  4  5  6  7  8  9 10 |
---------------+-------------------------------+-----
Polearms       | 5 |  5.3
Invocations    | 1 3 4 6 7 9 11 12 13 | 13.3
Short Blades   | 7 9 |  9.3
Stealth        | 4 5 |  5.7
Fighting       | |  3.2
Dodging        | |  4.0

Action                   |  1- 3 |  4- 6 |  7- 9 | 10-12 || total
-------------------------+-------+-------+-------+-------++-------
Melee: Spear             |    34 |       |       |       ||    34
       Short sword       |    29 |    63 |   127 |    43 ||   262
       Punch             |       |     1 |       |     3 ||     4
       Tailslap          |       |     4 |     1 |       ||     5
Throw: Dart              |       |     1 |     9 |     3 ||    13
Invok: Minor Destruction |       |       |     1 |       ||     1
Evoke: Wand              |       |       |       |     3 ||     3
  Use: Scroll            |       |       |       |     8 ||     8
 Stab: Sleeping          |     2 |     1 |     3 |     1 ||     7
       Distracted        |       |       |     3 |     1 ||     4
Armor: Robe              |     7 |       |       |       ||     7
       Scale mail        |     4 |    16 |    16 |       ||    36
       Leather armour    |       |       |    21 |    20 ||    41
Dodge: Dodged            |    26 |    30 |    59 |    33 ||   148

Table legend: (Time is in decaauts)
 A = Elapsed time spent in this place.
 B = Non-inter-level travel time spent in this place.
 C = Inter-level travel time spent in this place.
 D = Time resting spent in this place.
 E = Time spent auto-exploring this place.
 F = Levels seen in this place.
 G = Mean time per level.
                   A        B        C        D        E       F      G
               +--------+--------+--------+--------+--------+-----+--------+
         Total |   2860 |   2769 |     91 |      0 |     48 |  12 |  238.3 |
       Dungeon |   2685 |   2594 |     91 |      0 |     48 |  11 |  244.1 |
      Gauntlet |    175 |    175 |      0 |      0 |      0 |   1 |  175.0 |
               +--------+--------+--------+--------+--------+-----+--------+

Top non-repeatable levels by time:
     D:8: 681 daAuts
     D:2: 589 daAuts
     D:7: 349 daAuts
     D:5: 276 daAuts
     D:1: 267 daAuts
     D:9: 204 daAuts
Gauntlet: 175 daAuts
    D:10: 98 daAuts
    D:11: 87 daAuts
     D:3: 85 daAuts
     D:4: 25 daAuts
     D:6: 20 daAuts
